 Dungeon Crawl Stone Soup version 0.32-a0-13-gbaedc5810e (webtiles) character file.

Game seed: 7586167694532287925

378 Hopman the Trooper (level 6, -1/48 HPs)
             Began as a Human Cinder Acolyte on Jan 15, 2024.
             Was a High Priest of Ignis.
             Slain by an adder (6 damage)
             ... on level 3 of the Dungeon.
             The game lasted 00:13:12 (2331 turns).

Hopman the Trooper (Human Cinder Acolyte)           Turns: 2331, Time: 00:13:12

Health: -1/48      AC:  5    Str: 14    XL:     6   Next: 74%
Magic:  1/10       EV: 11    Int: 15    God:    Ignis [*****.]
Gold:   125        SH:  0    Dex: 10    Spells: 8/10 levels left

rFire   + . .        a - +0 falchion (flame)
rCold   . . .        i - orb {mayhem}
rNeg    . . .        c - +0 leather armour
rPois   .            k - +1 hat
rElec   .            h - +0 cloak
rCorr   .            (no gloves)
SInv    .            (no boots)
Will    .....        (no amulet)
Stlth   +            g - +4 ring of slaying
HPRegen 0.28/turn    (no ring)
MPRegen 0.12/turn

%: mayhem
@: lethally poisoned (-1 -> -7), very slightly contaminated
A: explore regen
a: Renounce Religion, Fiery Armour, Foxfire Swarm, Rising Flame


You were on level 3 of the Dungeon.
You worshipped Ignis.
Ignis was extremely pleased with you.
You visited 1 branch of the dungeon, and saw 4 of its levels.

You collected 125 gold pieces.

Inventory:

Hand Weapons
 a - a +0 falchion of flaming (weapon)
Armour
 b - a +0 robe
 c - a +0 leather armour (worn)
 h - a +0 cloak (worn)
 i - an orb of mayhem (worn)
 k - a +1 hat (worn)
Jewellery
 g - a +4 ring of slaying (left hand)
Potions
 d - a potion of ambrosia {unknown}
 e - a potion of magic
 f - a potion of might {unknown}
 j - a potion of brilliance {unknown}


   Skills:
 * Level 4.1 Fighting
 * Level 4.0 Long Blades
 + Level 1.7 Armour
 + Level 1.7 Dodging
 + Level 1.7 Stealth
 * Level 2.6 Spellcasting
 + Level 0.0 Conjurations
 * Level 4.1 Fire Magic


You had 8 spell levels left.
You knew the following spells:

 Your Spells              Type           Power      Damage    Failure   Level
a - Scorch                Fire           28%        2d6       7%          2

Your spell library contained the following spells:

 Spells                   Type           Power      Damage    Failure   Level
 Inner Flame              Hex/Fire       8%         N/A       32%         3
 Flame Wave               Conj/Fire      8%         2d5       73%         4
 Sticky Flame             Fire/Alch      8%         2d4       73%         4


Dungeon Overview and Level Annotations

Branches:
Dungeon (4/15)
 Temple: D:4-7

Altars:
Uskayaw


Innate Abilities, Weirdness & Mutations

You regain HP and MP as you explore.


Message History

You kill the ribbon worm!
The adder flies into a frenzy!
The adder hisses angrily.
The adder bites you. The adder bites you but does no damage.
Casting: Scorch (safe; 7% risk of failure)
Confirm with . or Enter, or press ? or * to list all spells.
Flames lash the adder.
The adder is moderately wounded.
The adder's fire resistance burns away.
The adder completely misses you. The adder bites you but does no damage.
The adder bites you.
You are poisoned.
The adder poisons you! The adder closely misses you.
You feel sick. The adder bites you. The adder bites you but does no damage.
You closely miss the adder.
The adder is moderately wounded.
You feel sick.
The adder is no longer more vulnerable to fire.
The adder bites you.
You are more poisoned.
The adder poisons you! The adder bites you.
You feel sick. The adder bites you but does no damage. The adder bites you.
* * * LOW HITPOINT WARNING * * *
You are lethally poisoned!
The adder poisons you!
You climb upwards.
* * * LOW HITPOINT WARNING * * *
You feel very sick.
There is a stone staircase leading down here.
Okay, then.
Casting: Scorch (safe; 7% risk of failure)
Confirm with . or Enter, or press ? or * to list all spells.
You miscast Scorch.
You are very lightly contaminated with residual magic.
Nothing appears to happen.
* * * LOW HITPOINT WARNING * * *
You feel sick. The adder bites you.
* * * LOW HITPOINT WARNING * * *
The adder bites you.
You die...

## #...†.##<####.# #....
#####..#####..##..# ###..
#.......# ##.##.## ###.)
#.'''''.# #....# ##...#
#####.'''''.# ####.## #..###
......''_''.# ###...## ##.##
......'''''.# #>.....####..#
......'''''######.†......##.##
................@S.....#..#.#
........#########......##.#.#
........# #########...#
....[...# #..## ........# #.##
........# #.# ######### #.#
###


You could see a neutral adder (fast, strong, frenzied).

Vanquished Creatures
  Grinder (D:3)
  A scorpion (D:3)
  An orc wizard (D:3)
  4 adders
  3 dart slugs
  3 ribbon worms
  3 orcs (D:3)
  3 endoplasms
  2 giant cockroaches
  4 goblins
  4 hobgoblins
  8 jackals
  2 kobolds
  2 quokkas
  3 ball pythons (D:2)
  2 bats
  4 frilled lizards
  3 rats
53 creatures vanquished.

Vanquished Creatures (others)
  5 foxfires (D:2)
5 creatures vanquished.

Grand Total: 58 creatures vanquished

Notes
Turn   | Place    | Note
-------+----------+-------------------------------------------
     0 | D:1      | Hopman the Human Cinder Acolyte began the quest for the
                  | Orb.
     0 | D:1      | Reached XP level 1. HP: 18/18 MP: 2/2
   302 | D:1      | Reached XP level 2. HP: 24/24 MP: 3/3
   561 | D:2      | Learned a level 2 spell: Scorch
   572 | D:2      | Reached XP level 3. HP: 29/29 MP: 1/5
   661 | D:2      | Found a hide-covered altar of Uskayaw.
  1598 | D:3      | Reached XP level 4. HP: 31/35 MP: 3/6
  1738 | D:3      | Found a faded altar of an unknown god.
  1754 | D:3      | Reached skill level 1 in Armour
  1759 | D:3      | Reached skill level 1 in Dodging
  1763 | D:3      | Reached skill level 1 in Stealth
  1954 | D:3      | Noticed Grinder
  1978 | D:3      | Reached XP level 5. HP: 41/41 MP: 2/8
  1988 | D:3      | Paralysed by Grinder for 3 turns
  2005 | D:3      | Killed Grinder
  2006 | D:3      | Reached XP level 6. HP: 34/48 MP: 1/9
  2331 | D:3      | Slain by an adder

Illustrated notes

Levels and vault maps discovered:
D:1:      ncdulo_watergridlock, layout_rooms, hangedman_abyss_or_decor_stabs,
          chequers_mini_garden
D:2:      layout_loops_ring, basic_altar
D:3:      layout_rooms, hellmonk_ecumenical_altar_heavens_door, uniq_grinder
D:4:      layout_cave_pools, serial_shops, shop

Skill      XL: |  1  2  3  4  5  6 |
---------------+-------------------+-----
Armour         | 1 |  1.7
Dodging        | 1 |  1.7
Stealth        | 1 |  1.7
Spellcasting   | 2 |  2.6
Fighting       | 4 |  4.1
Fire Magic     | 4 |  4.1
Long Blades    | 4 |  4.0

Action                     |  1- 3 |  4- 6 || total
---------------------------+-------+-------++-------
  Melee: Falchion          |    60 |    35 ||    95
         Punch             |     2 |     1 ||     3
   Cast: Scorch            |    15 |    20 ||    35
 Invoke: Foxfire Swarm     |     1 |       ||     1
    Use: Scroll            |     4 |     2 ||     6
   Stab: Sleeping          |     2 |     1 ||     3
 Armour: Robe              |    11 |       ||    11
         Leather armour    |    21 |    40 ||    61
  Dodge: Dodged            |    46 |    33 ||    79

Table legend: (Time is in decaauts)
 A = Elapsed time spent in this place.
 B = Non-inter-level travel time spent in this place.
 C = Inter-level travel time spent in this place.
 D = Time resting spent in this place.
 E = Time spent auto-exploring this place.
 F = Levels seen in this place.
 G = Mean time per level.
                   A        B        C        D        E       F      G
               +--------+--------+--------+--------+--------+-----+--------+
         Total |   2345 |   2201 |    144 |    465 |   1125 |   4 |  586.2 |
       Dungeon |   2345 |   2201 |    144 |    465 |   1125 |   4 |  586.2 |
               +--------+--------+--------+--------+--------+-----+--------+

Top non-repeatable levels by time:
     D:2: 980 daAuts
     D:3: 813 daAuts
     D:1: 481 daAuts
     D:4: 70 daAuts
